cohdb
Replays
Latest Replays
All Replays
Popular Replays
Top Player Replays
Match Explorer
How It Works
Community
CoH3 Stats
Reddit
Sign in to upload your games and track your stats! →
Sign in with Steam
Match 45760158
Unlisted
Match 45760158
Overview
Messages
Build Orders
End
Construct Section Command Post
Vickers Machine Gun Team
Selects Canadian Shock Battlegroup
Infantry Section
ML 3-inch Mortar Team
Construct Platoon Command Post
Selects Attacking Spirit
Selects Canadian Shock Section
Forward Retreat Point
Canadian Shock Section
CMP 15cwt Truck
Selects Incendiary Munitions
Unlock Bishop Self-propelled Artillery
Bishop Self-propelled Artillery
Canadian Shock Section
Bishop Self-propelled Artillery
Canadian Shock Section
Flammable
Macho Man Randy Savage
JVM
Soufiane Minimoys
Dorikkae
KUNASHDU
eyesonme0223
sweetfingers
0
0
Comments
sign in to comment!
No comments posted yet!